AoeStats
← datarapues1998

Arabia

506480364Analyzed
1v1 RM · 18d ago on Sep 13, 2026· 39m 29s· 2 players
Game mode
Random Map
Map size
Tiny (2 player)
Population
200
Speed
Normal
Resources
Standard
Victory
Conquest
Starting age
Dark Age
Ending age
Imperial Age
RankedLock teamsTeams togetherTeam positionsShared explorationLock speedFull tech treeHidden civsTurbo modeCheats
Victory
Defeat
🇧🇪 Mongols · Belgium
1208
+16
🇨🇴 Celts · Colombia
1211
-16
Lechuck
9:08 Loom
10:54 Feudal Age
12:13 Double-Bit Axe
15:32 Horse Collar
15:55 Fletching
22:38 Castle Age
22:01 Padded Archer Armor
22:18 Gold Mining
23:38 Scale Barding Armor
23:54 Bow Saw
24:09 Forging
26:09 Bloodlines
26:23 Bloodlines
29:10 Town Watch
34:49 Bodkin Arrow
36:36 Wheelbarrow
36:30 Ballistics
36:15 Husbandry
37:00 Heavy Plow
41:34 Imperial Age
datarapues1998
8:36 Loom
13:47 Feudal Age
18:25 Castle Age
17:03 Double-Bit Axe
20:04 Bow Saw
27:35 Horse Collar
32:07 Pikeman
34:08 Wheelbarrow
34:18 Scale Mail Armor
36:32 Gambesons
37:56 Chain Mail Armor
Connection lost

Rejoining the realm…

Still unreachable

The connection could not be restored.

Session expired

The server has moved on; the page needs a fresh start.